 Dungeon Crawl Stone Soup version 0.22.1-1-ga44c0e5 (webtiles) character file.

4408 tifemel the Protected (level 10, -7/94 HPs)
             Began as a Minotaur Fighter on Sept 30, 2018.
             Was an Elder of Okawaru.
             Mangled by an orc knight
             ... wielding a +0 glaive
              (21 damage)
             ... in a bailey.
             The game lasted 00:28:49 (6626 turns).

tifemel the Protected (Minotaur Fighter)            Turns: 6626, Time: 00:28:50

Health: -7/94      AC: 18    Str: 24    XL:     10   Next: 14%
Magic:  0/9        EV:  7    Int:  5    God:    Okawaru [****..]
Gold:   372        SH:  0    Dex: 10    Spells: 9/9 levels left

rFire    . . .     SeeInvis .   a - +0 war axe
rCold    . . .     Gourm    .   (no shield)
rNeg     . . .     Faith    .   t - +0 plate armour
rPois    .         Spirit   +   (helmet restricted)
rElec    .         Reflect  .   B - +1 cloak {MR+}
rCorr    .         Harm     .   (no gloves)
MR       +....                  s - +0 pair of boots
Stlth    ..........             j - amulet of guardian spirit
HPRegen  0.25/turn              (no ring)
MPRegen  0.11/turn              (no ring)

@: hasted, very quick
A: retaliatory headbutt, horns 2
a: Heroism, Renounce Religion


You were in a bailey.
You worshipped Okawaru.
Okawaru was greatly pleased with you.
You were hungry.

You visited 2 branches of the dungeon, and saw 8 of its levels.
You also visited: Sewer and Bailey.

You collected 655 gold pieces.
You spent 283 gold pieces at shops.

Inventory:

Hand Weapons
 a - a +0 war axe (weapon)
 D - a +0 shortbow
Missiles
 C - 48 arrows
Armour
 s - a +0 pair of boots (worn)
 t - a +0 plate armour (worn)
 B - a +1 cloak of magic resistance (worn)
Jewellery
 j - an amulet of guardian spirit (around neck)
Wands
 H - a wand of random effects (25)
Scrolls
 c - a scroll of acquirement {unknown}
 e - 2 scrolls of random uselessness {unknown}
 g - a scroll of fog {unknown}
 i - 2 scrolls of remove curse
 k - 2 scrolls of magic mapping {unknown}
 l - 5 scrolls of amnesia {unknown}
 n - 9 scrolls of teleportation
 r - 2 scrolls of noise {unknown}
 y - 3 scrolls of blinking
 F - a scroll of immolation {unknown}
 J - 2 scrolls of enchant weapon {unknown}
 L - a scroll of fear {unknown}
 N - a scroll of enchant armour {unknown}
Potions
 b - a potion of might
 h - 7 potions of curing
 o - a potion of lignification
 q - a potion of magic {unknown}
 u - 3 potions of berserk rage {unknown}
 x - a potion of haste
 z - a potion of invisibility {unknown}
 E - a potion of agility {unknown}
 I - a potion of brilliance {unknown}
 K - a potion of degeneration {unknown}
 O - a potion of flight {unknown}
Comestibles
 f - 6 rations


   Skills:
 + Level 10.7 Fighting
 + Level 10.4 Axes
 + Level 10.8 Armour
   Level 3.6 Shields


You had 9 spell levels left.
You didn't know any spells.
Your spell library contained the following spells:

 Spells                   Type           Power        Failure   Level  Hunger
 Beastly Appendage        Tmut           #.....       99%         1    ##.....
 Sticks to Snakes         Tmut           #.......     100%        2    ###....
 Spider Form              Tmut/Pois      #.........   100%        3    ####...
 Ice Form                 Ice/Tmut       #.......     100%        4    #####..
 Blade Hands              Tmut           #.........   100%        5    ######.


Dungeon Overview and Level Annotations

Branches:
Dungeon (7/15)             Temple (1/1) D:5

Altars:
Ashenzari
Cheibriados
Dithmenos
Elyvilon
Fedhas
Kikubaaqudgha
Makhleb
Nemelex Xobeh
Okawaru
Qazlal
Sif Muna
Trog
Uskayaw
Vehumet
Wu Jian
Xom
Yredelemnul
Zin
The Shining One

Shops:
D:5 *:([   D:6 :


Innate Abilities, Weirdness & Mutations

You reflexively headbutt those who attack you in melee.
You have a pair of horns on your head.


Message History

The orc knight hits you with a glaive!
* * * LOW HITPOINT WARNING * * *
You feel much better.
You hit the orc knight but do no damage.
Your headbutt misses the orc knight.
The orc knight is severely wounded.
The orc knight hits you with a glaive!
You closely miss the orc knight. You headbutt the orc knight!
The orc knight is almost dead.
You hit the orc knight.
The orc knight is almost dead.
The orc knight hits you with a glaive!
* * * LOW HITPOINT WARNING * * *
You closely miss the orc knight.
You headbutt the orc knight, but do no damage.
The orc knight is almost dead.
You barely miss the orc knight.
The orc knight is almost dead.
The orc knight hits you with a glaive!!
You die...

##.....##
#.......#
#.......#
#.......#
#...)...#
#..)))..#
##.))).##
###o###
#.@.#
#...#
#...#
#...#
###'###
##..)..##
#...)...#
#.......#
#.......#


You could see an orc knight.

Vanquished Creatures
  Pikel (D:6)
  An orc knight (Bailey)
  Grinder (D:4)
  A slime creature (D:5)
  Prince Ribbit (D:5)
  A water moccasin (D:7)
  Duvessa (D:7)
  A sky beast (D:5)
  A slave (D:6)
  An ice beast (D:4)
  A necrophage (D:6)
  8 orc warriors
  A black bear (D:6)
  An ogre (D:7)
  A centaur (D:5)
  A big kobold (D:7)
  Blork the orc (D:4)
  A bullfrog (D:6)
  Dowan (D:7)
  2 scorpions
  3 crimson imps
  A quasit (D:4)
  4 hounds
  3 orc priests (D:6)
  3 jellies
  5 orc wizards
  Ijyb (D:4)
  2 bullfrog skeletons
  3 iguanas (D:6)
  A worker ant (D:4)
  A hound zombie (D:5)
  A hound skeleton (D:6)
  A howler monkey skeleton (D:5)
  11 adders
  A river rat (Sewer)
  A shadow imp (D:6)
  An ooze (D:1)
  3 adder skeletons
  8 worms
  2 dart slugs
  A leopard gecko (D:1)
  49 orcs
  6 ball pythons
  2 giant cockroaches
  2 goblins (D:3)
  7 hobgoblins
  10 jackals
  21 kobolds
  3 quokkas
  10 bats
  10 frilled lizards
  A quokka skeleton (D:4)
  10 rats
216 creatures vanquished.

Vanquished Creatures (others)
  A worker ant (D:5)
  An orc (D:5)
  2 jackals (D:5)
  A quokka (D:5)
5 creatures vanquished.

Grand Total: 221 creatures vanquished

Notes
Turn   | Place    | Note
-------+----------+-------------------------------------------
     0 | D:1      | tifemel the Minotaur Fighter began the quest for the Orb.
     0 | D:1      | Reached XP level 1. HP: 19/19 MP: 0/0
   118 | D:1      | Reached XP level 2. HP: 21/27 MP: 1/1
   535 | D:2      | Reached XP level 3. HP: 28/33 MP: 2/2
   944 | D:2      | Reached XP level 4. HP: 37/41 MP: 3/3
  1002 | D:2      | Found an ornate altar of the Wu Jian Council.
  1346 | D:2      | Found a faded altar of an unknown god.
  1527 | D:3      | Reached skill level 5 in Fighting
  1527 | D:3      | Reached skill level 5 in Armour
  1527 | D:3      | Reached XP level 5. HP: 47/48 MP: 4/4
  2172 | D:4      | Noticed Blork the orc
  2181 | D:4      | Killed Blork the orc
  2243 | D:4      | Found a snail-covered altar of Cheibriados.
  2268 | D:4      | Noticed Ijyb
  2275 | D:4      | Killed Ijyb
  2275 | D:4      | Reached XP level 6. HP: 55/56 MP: 5/5
  2309 | D:4      | Found a glowing drain.
  2323 | Sewer    | Entered a sewer
  2587 | Sewer    | Reached skill level 5 in Axes
  2891 | D:4      | Noticed Grinder
  2905 | D:4      | Paralysed by Grinder for 7 turns
  2913 | D:4      | Killed Grinder
  2913 | D:4      | Reached XP level 7. HP: 37/64 MP: 6/6
  3164 | D:4      | Found a radiant altar of Vehumet.
  3165 | D:4      | Found a burning altar of Makhleb.
  3265 | D:4      | Found a bloodstained altar of Trog.
  3411 | D:5      | Entered Level 5 of the Dungeon
  3411 | D:5      | Found a shimmering altar of Xom.
  3411 | D:5      | Found Noujul's Antique Armour Boutique.
  3740 | D:5      | Bought an embroidered cloak for 187 gold pieces
  3804 | D:5      | Found Tirih's General Store.
  3817 | D:5      | Reached XP level 8. HP: 62/73 MP: 7/7
  3819 | D:5      | Bought a scroll of identify for 24 gold pieces
  3819 | D:5      | Bought a scroll of teleportation for 36 gold pieces
  3819 | D:5      | Bought a scroll of remove curse for 36 gold pieces
  3827 | D:5      | Noticed Prince Ribbit
  3834 | D:5      | Killed Prince Ribbit
  3961 | D:5      | Found Zuad's Antique Weapon Emporium.
  3964 | D:5      | Found a staircase to the Ecumenical Temple.
  3966 | D:5      | Found Vujank's Book Shoppe.
  3985 | Temple   | Entered the Ecumenical Temple
  4023 | Temple   | Became a worshipper of Warmaster Okawaru
  4230 | D:5      | Found a deep blue altar of Sif Muna.
  4324 | D:5      | Noticed a slime creature
  4325 | D:5      | Found a transporter.
  4364 | D:5      | Found a blossoming altar of Fedhas.
  4390 | D:5      | Found a transporter.
  4410 | D:5      | Killed a slime creature
  4410 | D:5      | Reached * piety under Okawaru
  4806 | D:6      | Found a hide-covered altar of Uskayaw.
  4821 | D:6      | Found Wuokkaon's Book Shop.
  4872 | D:6      | Found a shadowy altar of Dithmenos.
  4895 | D:6      | Reached XP level 9. HP: 78/82 MP: 8/8
  5104 | D:6      | Found a burning altar of Makhleb.
  5188 | D:6      | Found a hide-covered altar of Uskayaw.
  5348 | D:6      | Noticed Pikel
  5373 | D:6      | Killed Pikel
  5373 | D:6      | Reached ** piety under Okawaru
  5827 | D:7      | Noticed Duvessa
  5835 | D:7      | Noticed Dowan
  5839 | D:7      | Killed Duvessa
  5839 | D:7      | Reached skill level 10 in Fighting
  5839 | D:7      | Reached skill level 10 in Armour
  5841 | D:7      | Killed Dowan
  5841 | D:7      | Reached *** piety under Okawaru
  5872 | D:7      | Found a flagged portal.
  5895 | Bailey   | Entered a bailey
  6028 | Bailey   | Reached skill level 10 in Axes
  6309 | Bailey   | Reached XP level 10. HP: 94/94 MP: 9/9
  6570 | Bailey   | Noticed an orc knight
  6570 | Bailey   | Noticed an orc knight
  6610 | Bailey   | Killed an orc knight
  6610 | Bailey   | Reached **** piety under Okawaru
  6626 | Bailey   | Mangled by an orc knight

Skill      XL: |  1  2  3  4  5  6  7  8  9 |
---------------+----------------------------+-----
Fighting       | 4 5 6 7 8 10 | 10.7
Armour         | 4 5 6 7 8 10 | 10.8
Axes           | 3 4 5 6 8 10 | 10.4
Shields        | |  3.6

Action                   |  1- 3 |  4- 6 |  7- 9 | 10-12 || total
-------------------------+-------+-------+-------+-------++-------
Melee: War axe           |    63 |   169 |   267 |    38 ||   537
       Headbutt          |     5 |    33 |    60 |     8 ||   106
 Fire: Shortbow          |       |       |       |     2 ||     2
Invok: Heroism           |       |       |     2 |     1 ||     3
Evoke: Wand              |       |       |    10 |     2 ||    12
  Use: Scroll            |       |       |     7 |       ||     7
       Potion            |       |       |     3 |     5 ||     8
  Eat: Chunk             |       |     6 |     8 |     1 ||    15
       Ration            |       |       |     1 |       ||     1
Armor: Scale mail        |    38 |    36 |       |       ||    74
       Plate armour      |       |    75 |   214 |    33 ||   322
Dodge: Dodged            |    44 |    65 |   133 |    30 ||   272
